 Dungeon Crawl Stone Soup version 0.29-a0-275-g389c0b56f3 (webtiles) character file.

Game seed: 17125107321734853335

60 Ajdolov the Bolt Thrower (level 4, -2/33 HPs)
             Began as a Formicid Hunter on Mar 12, 2022.
             Killed from afar by Natasha (9 damage)
             ... with a magic dart
             ... on level 2 of the Dungeon.
             The game lasted 00:03:28 (1390 turns).

Ajdolov the Bolt Thrower (Formicid Hunter)          Turns: 1390, Time: 00:03:29

Health: -2/33      AC:  3    Str: 16    XL:     4   Next: 24%
Magic:  4/4        EV: 11    Int: 11    God:
Gold:   80         SH:  0    Dex: 13    Spells: 3/3 levels left

rFire   . . .      SeeInvis +   a - +1 hand crossbow
rCold   . . .      Faith    .   (no shield)
rNeg    . . .      Spirit   .   b - +0 leather armour
rPois   .          Reflect  .   (helmet unavailable)
rElec   .          Harm     .   (no cloak)
rCorr   .          Rampage  .   (no gloves)
Will    .....                   (no boots)
Stlth   ++........              (no amulet)
HPRegen 0.11/turn               (no ring)
MPRegen 0.09/turn               (no ring)

@: no status effects
A: permanent stasis, dig shafts and tunnels, antennae 3, four strong arms
a: Dig, Shaft Self


You were on level 2 of the Dungeon.
You visited 1 branch of the dungeon, and saw 2 of its levels.

You collected 108 gold pieces.
You spent 28 gold pieces at shops.

Inventory:

Hand Weapons
 a - a +1 hand crossbow (weapon)
Armour
 b - a +0 leather armour (worn)
Scrolls
 c - a scroll of immolation
 d - a scroll of summoning {unknown}
 f - 5 scrolls of teleportation
 j - a scroll of magic mapping {unknown}
Potions
 e - 2 potions of curing
 g - a potion of mutation
 k - a potion of cancellation


   Skills:
 - Level 2.1 Fighting
 * Level 5.0 Crossbows
 - Level 1.7 Dodging
 + Level 2.9 Stealth


You had 3 spell levels left.
You didn't know any spells.
Your spell library was empty.

Dungeon Overview and Level Annotations

Branches:
Dungeon (2/15)

Altars:

Shops:
D:2 (?[(:

Annotations:
D:2 Natasha


Innate Abilities, Weirdness & Mutations

You cannot be hasted, slowed, berserked, paralysed or teleported.
You can dig through walls and to a lower floor.
You have a pair of large antennae on your head. (SInv)
Your four strong arms can wield two-handed weapons with a shield.


Message History

You shoot a bolt. The bolt hits Natasha.
Natasha is heavily wounded.
Natasha barely misses you.
You shoot a bolt.
The bolt hits Natasha but does no damage.
Natasha is heavily wounded.
Natasha claws you!
You shoot a bolt. The bolt barely misses Natasha.
Natasha claws you.
Natasha mumbles some strange words.
You shoot a bolt. The bolt hits Natasha.
Natasha is severely wounded.
Natasha barely misses you. The white imp hits you. The white imp freezes you.
You are too injured to fight recklessly!
Unknown command.
Non-targeted abil: Dig
Press: ? - help, Q - select action, (/) - cycle Dir - look around, f - activate
Okay, then.
Shoot: a) +1 hand crossbow
Press: ? - help, Q - select action, (/) - cycle Shift-Dir - straight line, f/p - Natasha
Aim: Natasha (severely wounded, 56% to hit)
Okay, then.
You aren't carrying any items that you can evoke.
Unknown command.
Shoot: a) +1 hand crossbow
Press: ? - help, Q - select action, (/) - cycle Shift-Dir - straight line, f/p - Natasha
Aim: Natasha (severely wounded, 56% to hit)
You shoot a bolt. The bolt hits Natasha.
Natasha is severely wounded.
Natasha barely misses you. The white imp gestures at you.
The puff of frost hits you!
* * * LOW HITPOINT WARNING * * *
Shoot: a) +1 hand crossbow
Press: ? - help, Q - select action, (/) - cycle Shift-Dir - straight line, f/p - Natasha
Aim: Natasha (severely wounded, 56% to hit)
You shoot a bolt. The bolt hits Natasha.
Natasha is almost dead.
Natasha casts a spell at you. The magic dart hits you!
You die...

#....# ##.###.# #....#
.J.....[.####...##.#
#...##
.........+.......#.#
###.# .....B.
####......## ## # ......
##......# #. ....
##.....# ####.##..
#.....#
#....h..+###########...##
# #....#..h@5..# ##.## #
##...#.#####.# #.#
#.#..#.# #.# #.#
#......#####.# #.#
#..........#†# #.#
#......###.#.# #.#
#....#.# #.#.####.#
......#.###........#
..######.......######


You could see Natasha and a white imp (summoned).

Vanquished Creatures
  Natasha (D:2)
  A worm (D:2)
  3 ball pythons
  4 endoplasms (D:2)
  3 giant cockroaches
  A goblin (D:2)
  A hobgoblin (D:2)
  4 kobolds
  2 quokkas
  A bat (D:1)
  11 frilled lizards
  A rat (D:1)
33 creatures vanquished.

Vanquished Creatures (others)
  6 plants (D:2)
6 creatures vanquished.

Grand Total: 39 creatures vanquished

Notes
Turn   | Place    | Note
-------+----------+-------------------------------------------
     0 | D:1      | Ajdolov the Formicid Hunter began the quest for the Orb.
     0 | D:1      | Reached XP level 1. HP: 16/16 MP: 1/1
    67 | D:1      | Reached XP level 2. HP: 22/22 MP: 2/2
   398 | D:1      | Found a faded altar of an unknown god.
   636 | D:2      | Found Opajiar's Magic Scroll Shoppe.
   646 | D:2      | Bought a scroll of identify for 28 gold pieces
   700 | D:2      | Found Vyupheps's Armour Shoppe.
   714 | D:2      | Found Tum Fuang's Antique Weapon Shoppe.
   776 | D:2      | Found Dokojoat's Book Emporium.
   783 | D:2      | Reached XP level 3. HP: 27/27 MP: 3/3
   966 | D:2      | Found Ziogasiu's Weapon Shoppe.
  1285 | D:2      | Noticed Natasha
  1298 | D:2      | Killed Natasha
  1299 | D:2      | Reached skill level 5 in Crossbows
  1299 | D:2      | Reached XP level 4. HP: 27/33 MP: 4/4
  1375 | D:2      | Noticed Natasha
  1390 | D:2      | Killed from afar by Natasha

Illustrated notes

Levels and vault maps discovered:
D:1:      minmay_arrival_solitary_statue, layout_rooms,
          shapermc_ecumenical_altar_ellora
D:2:      layout_loops_corners, serial_shops, nicolae_shop_bloodbath_and_beyond,
          nicolae_shop_advertising_works [nicolae_subvault_shop_adworks],
          nicolae_lakefront_shop, nicolae_shop_temple_entry_statues_fountains,
          nicolae_shop_behind_doors, minmay_lizard_king, uniq_natasha

Skill      XL: |  1  2  3 |
---------------+----------+-----
Stealth        | 2 |  2.9
Crossbows      | 5 |  5.0
Fighting       | |  2.1
Dodging        | |  1.7

Action                   |  1- 3 |  4- 6 || total
-------------------------+-------+-------++-------
 Fire: Hand crossbow     |    91 |    11 ||   102
 Abil: Dig               |     2 |       ||     2
  Use: Scroll            |     5 |       ||     5
       Potion            |     1 |       ||     1
Armor: Leather armour    |    10 |       ||    10
Dodge: Dodged            |    17 |     3 ||    20

Table legend: (Time is in decaauts)
 A = Elapsed time spent in this place.
 B = Non-inter-level travel time spent in this place.
 C = Inter-level travel time spent in this place.
 D = Time resting spent in this place.
 E = Time spent auto-exploring this place.
 F = Levels seen in this place.
 G = Mean time per level.
                   A        B        C        D        E       F      G
               +--------+--------+--------+--------+--------+-----+--------+
         Total |   1419 |   1403 |     16 |    147 |    999 |   2 |  709.5 |
       Dungeon |   1419 |   1403 |     16 |    147 |    999 |   2 |  709.5 |
               +--------+--------+--------+--------+--------+-----+--------+

Top non-repeatable levels by time:
     D:2: 922 daAuts
     D:1: 497 daAuts
